 Dungeon Crawl Stone Soup version 0.17-a0-2115-g0d8b93e (webtiles) character file.

52922 Maka the Fencer (level 15, 0/99 HPs)
             Began as a Halfling Fighter on Oct 20, 2015.
             Was a High Priest of Okawaru.
             Slain by a catoblepas (8 damage)
             ... on level 2 of the Lair of Beasts.
             The game lasted 00:55:30 (22234 turns).

Maka the Fencer (Halfling Fighter)                 Turns: 22234, Time: 00:55:31

Health: 0/99       AC: 26    Str: 16    XL:     15   Next: 8%
Magic:  17/18      EV:  3    Int:  7    God:    Okawaru [*****.]
Gold:   1394       SH:  0    Dex: 21    Spells: 0 memorised, 14 levels left

rFire  + . .     SeeInvis .     a - +0 scimitar (flame)
rCold  . . .     Clarity  .     x - +4 ring mail
rNeg   + + +     SustAt   .     c - +0 shield
rPois  ∞         Gourm    .     f - +1 helmet
rElec  .         Spirit   .     J - +2 cloak {+Inv}
rCorr  .         Warding  .     A - +2 pair of gloves
rMut   +         Stasis   .     U - +1 pair of boots {Stlth+}
MR     +....                    j - amulet of resist mutation
Stlth  ++++......               m - ring of protection from fire
                                E - +5 ring of evasion

@: petrified, heroism, somewhat resistant to hostile enchantments, stealthy
A: mutation resistance 1
a: Heroism, Finesse, Renounce Religion, Evoke Invisibility


You were on level 2 of the Lair of Beasts.
You worshipped Okawaru.
Okawaru was extremely pleased with you.
You were very hungry.

You visited 4 branches of the dungeon, and saw 20 of its levels.
You also visited: Sewer, Ossuary and Ice Cave.

You collected 2393 gold pieces.
You spent 999 gold pieces at shops.

Inventory:

Hand Weapons
 a - a +0 scimitar of flaming (weapon)
 V - a +1 long sword of slicing
Armour
 c - a +0 shield (worn)
 f - a +1 helmet (worn)
 u - a +0 scale mail of poison resistance
 x - a +4 ring mail (worn)
 A - a +2 pair of gloves (worn)
 J - a +2 cloak of invisibility (worn)
 N - the +1 hat of the Skies Above {rElec MR++ rCorr}
   (Okawaru gifted it to you in an ice cave)

   It insulates you from electricity.
   It affects your resistance to hostile enchantments.
   It protects you from acid and corrosion.
 U - a +1 pair of boots of stealth (worn)
Jewellery
 b - an uncursed ring of see invisible
 j - an amulet of resist mutation (around neck)
 m - a ring of protection from fire (right hand)
 s - an uncursed ring of ice
 D - an uncursed ring of protection from fire
 E - a +5 ring of evasion (left hand)
 M - an uncursed ring of positive energy
Wands
 C - a wand of cold (0)
 G - a wand of invisibility (1)
 P - a wand of polymorph (14)
 Y - a wand of paralysis (14)
Scrolls
 d - 3 scrolls of blinking
 g - 11 scrolls of remove curse
 h - 4 scrolls of recharging
 n - 7 scrolls of enchant weapon
 v - 3 scrolls of identify
 y - 11 scrolls of teleportation
 z - 2 scrolls of magic mapping
 H - 3 scrolls of silence
 O - 3 scrolls of enchant armour
 R - 3 scrolls of fear
Potions
 i - 7 potions of flight
 k - 4 potions of magic
 l - 4 potions of beneficial mutation
 p - 11 potions of curing
 q - a potion of cancellation
 t - 5 potions of lignification
 w - 3 potions of might
 F - a potion of berserk rage
 K - a potion of heal wounds
 Q - 2 potions of degeneration
 S - a potion of haste
 T - 2 potions of resistance
Comestibles
 e - 12 bread rations
 o - 5 meat rations
 X - 12 fruits


   Skills:
 - Level 8.0(13.0) Fighting
 - Level 16.0(21.0) Long Blades
 + Level 13.1(18.1) Armour
 - Level 9.0(14.0) Dodging
 - Level 10.2(15.2) Shields
 - Level 5.0 Invocations


You had 14 spell levels left.
You didn't know any spells.

Dungeon Overview and Level Annotations

Branches:
Dungeon (12/15)            Temple (1/1) D:7            Lair (3/8) D:10
    Orc (4/4) D:9             Elf (0/3) Orc:3
  Swamp: Lair:3-6    Shoals: Lair:3-6     Snake: Lair:3-6    Spider: Lair:3-6

Altars:
Cheibriados
Gozag
Kikubaaqudgha
Makhleb
Okawaru
Ru
Sif Muna
Trog
Vehumet
Xom
Yredelemnul
Zin
The Shining One
Beogh

Shops:
D:5 *   D:8 }   D:9 *   Orc:1 !%=[?   Orc:3 *(   Orc:4 (%*((

Annotations:
D:9 exclusion: oklob plant
D:10 exclusion: upstairs


Innate Abilities, Weirdness & Mutations

You are small and have problems with some larger weapons.
You are somewhat resistant to further mutation.


Message History

The catoblepas is severely wounded.
You hit the catoblepas but do no damage.
The catoblepas is severely wounded.
The catoblepas breathes a plume of calcifying dust at you.
The blast of calcifying dust hits you!
You hit the catoblepas. You burn the catoblepas.
The catoblepas is almost dead.
You are engulfed in calcifying dust.
You are slowing down.
The catoblepas gores you but does no damage.
The catoblepas misses you.
Your limbs are stiffening.
You slash the catoblepas! You burn the catoblepas.
The catoblepas is almost dead.
The catoblepas gores you!!
* * * LOW HITPOINT WARNING * * *
You have turned to stone.
The catoblepas barely misses you.
The catoblepas gores you but does no damage.
The catoblepas gores you!
You die...

#P..........≈≈≈≈≈≈..#.........#
##.##.+###.≈≈≈≈≈≈≈≈.###...+####
#.###P.###.≈≈≈≈≈≈≈≈.≈##.....# ###
##.....≈≈≈≈≈≈≈≈≈.....##.# # ###
#.#..[.≈≈≈≈≈≈≈≈≈...#.#### #
#.###.#.P...≈≈.≈≈≈≈....##.#####
#...........≈.>..≈≈≈...........
##.........#...Y...............
#.........#..@................
#.........#....P..............
#.............§#..............
#.........#....#..............
#..........##.§.♣.##########..
###...P##.......♣.# ### #...
######.....♣♣.......♣♣ ##.####.#
##.#P.P.###'#♣.P...P..###.......#
###.....#.#.....♣......#...###.##


You could see a catoblepas.

Vanquished Creatures
  A frost giant (IceCv)
  A stone giant (Orc:4)
  Fannar (D:12)
  2 hydras (Lair:2)
  Erica (Orc:1)
  3 orc high priests (Orc:4)
  An ice statue (IceCv)
  Pikel (D:5)
  A deep elf conjurer (Orc:3)
  A hill giant (D:11)
  2 ugly things (D:11)
  A cyclops (D:12)
  5 orc sorcerers
  5 orc knights
  2 manticores
  Maurice (D:10)
  Psyche (D:8)
  A black mamba (Lair:1)
  9 spiny frogs
  2 komodo dragons
  A merfolk (D:12)
  5 trolls
  A two-headed ogre (Orc:3)
  15 polar bears (IceCv)
  A shadow (D:12)
  58 yaks
  Sigmund (D:2)
  A human (D:12)
  2 basilisks
  A deep elf mage (D:11)
  2 hungry ghosts
  2 wargs
  2 hippogriffs
  2 deep elf fighters
  A mottled dragon (D:12)
  11 wolves (IceCv)
  3 black bears
  17 orc warriors
  9 ice beasts
  7 water moccasins
  2 centaurs
  3 phantoms
  3 porcupines
  A slave (D:5)
  A sky beast (D:12)
  2 necrophages
  The ghost of Gargoyl the Skirmisher, an amateur DsAK of Lugonu (D:3)
  2 wasps
  6 ogres
  4 crocodiles
  13 giant frogs
  5 big kobolds
  2 water moccasin zombies
  5 killer bees (D:10)
  2 scorpions (D:6)
  20 wights
  2 electric eels
  12 bog bodies (Ossuary)
  2 crimson imps
  A quasit (D:8)
  5 giant frog zombies
  Crazy Yiuf (D:7)
  A centaur zombie (Ossuary)
  6 centaur skeletons
  4 jellies
  10 hounds
  26 orc priests
  8 iguanas
  32 orc wizards
  3 giant frog skeletons
  7 worker ants
  7 sheep (Lair:2)
  3 hound zombies
  5 mummies (Ossuary)
  3 worker ant zombies
  Robin (D:2)
  15 adders
  4 gnolls (D:5)
  34 river rats
  2 shadow imps
  2 oozes
  2 adder zombies
  3 adder skeletons
  A worm (D:2)
  9 giant geckos
  158 orcs
  2 ball pythons
  2 bat zombies (D:8)
  5 giant cockroaches
  7 hobgoblins
  6 jackals
  2 quokkas
  A ball python skeleton (D:5)
  20 bats
  2 giant gecko skeletons
  3 giant gecko zombies (Ossuary)
  3 giant newts
  23 goblins
  A jackal zombie (Ossuary)
  13 kobolds
  An orc zombie (D:8)
  22 rats
  A butterfly (D:6)
  6 fungi
745 creatures vanquished.

Vanquished Creatures (others)
  An orc (Orc:4)
  A giant cockroach (D:5)
  A giant gecko (D:5)
  5 fungi
  A plant (Lair:2)
9 creatures vanquished.

Grand Total: 754 creatures vanquished

Notes
Turn   | Place    | Note
--------------------------------------------------------------
     0 | D:1      | Maka the Halfling Fighter began the quest for the Orb.
     0 | D:1      | Reached XP level 1. HP: 15/15 MP: 1/1
   161 | D:1      | Reached XP level 2. HP: 20/20 MP: 2/2
   453 | D:1      | Reached XP level 3. HP: 22/25 MP: 3/3
   754 | D:2      | Reached XP level 4. HP: 30/30 MP: 4/4
   817 | D:2      | Reached skill level 4 in Long Blades
   838 | D:2      | Noticed Sigmund
   851 | D:2      | Killed Sigmund
   851 | D:2      | Reached skill level 5 in Long Blades
   851 | D:2      | Reached XP level 5. HP: 18/35 MP: 5/5
   851 | D:2      | Reached XP level 6. HP: 21/41 MP: 6/6
  1086 | D:2      | Noticed Robin
  1112 | D:2      | Reached skill level 6 in Long Blades
  1145 | D:2      | Killed Robin
  1479 | D:2      | Found a sacrificial altar of Ru.
  1675 | D:3      | Noticed an ice beast
  1688 | D:3      | Killed an ice beast
  1751 | D:3      | Noticed Gargoyl's ghost (amateur DsAK)
  2072 | D:3      | Killed Gargoyl's ghost
  2072 | D:3      | Reached XP level 7. HP: 35/45 MP: 7/7
  2200 | D:3      | Reached skill level 7 in Long Blades
  3031 | D:4      | Found a radiant altar of Vehumet.
  3032 | D:4      | Found a burning altar of Makhleb.
  3258 | D:4      | Reached skill level 8 in Long Blades
  3332 | D:4      | Reached XP level 8. HP: 51/51 MP: 8/8
  3724 | D:4      | Got a transparent plate armour
  3745 | D:4      | Identified the +5 plate armour "Lorph" {*Confuse rN+ Int+7} (You found it on level 4 of the Dungeon)
  3777 | D:4      | Reached skill level 5 in Armour
  4017 | D:5      | Entered Level 5 of the Dungeon
  4108 | D:5      | Found a glowing drain.
  4127 | Sewer    | Entered a sewer
  4701 | D:5      | Found Tuomemyl's General Store.
  4707 | D:5      | Bought a scroll of teleportation for 33 gold pieces
  4707 | D:5      | Bought 2 scrolls of identify for 44 gold pieces
  4707 | D:5      | Bought a scroll of identify for 22 gold pieces
  4795 | D:5      | Reached XP level 9. HP: 55/55 MP: 9/9
  5245 | D:5      | Noticed Pikel
  5274 | D:5      | Killed Pikel
  5274 | D:5      | Reached skill level 9 in Long Blades
  5354 | D:6      | Found a snail-covered altar of Cheibriados.
  5570 | D:6      | Reached skill level 10 in Long Blades
  5578 | D:6      | Found a shimmering altar of Xom.
  5632 | D:6      | Found a burning altar of Makhleb.
  5731 | D:6      | Found a glowing golden altar of the Shining One.
  6084 | D:7      | Noticed Crazy Yiuf
  6099 | D:7      | Killed Crazy Yiuf
  6173 | D:7      | Paralysed by a wasp for 1 turns
  6422 | D:7      | Found an iron altar of Okawaru.
  6440 | D:7      | Became a worshipper of Warmaster Okawaru
  6557 | D:7      | Reached skill level 11 in Long Blades
  6557 | D:7      | Reached XP level 10. HP: 54/61 MP: 10/10
  6610 | D:7      | Found a staircase to the Ecumenical Temple.
  6619 | Temple   | Entered the Ecumenical Temple
  6669 | D:7      | Found a deep blue altar of Sif Muna.
  6712 | D:8      | Found a glowing silver altar of Zin.
  6713 | D:8      | Found a bloodstained altar of Trog.
  6919 | D:8      | Found a sand-covered staircase.
  6948 | Ossuary  | Entered an ossuary
  7396 | D:8      | Found Kirch's Gadget Shop.
  7407 | D:8      | Reached * piety under Okawaru
  7560 | D:8      | Reached skill level 12 in Long Blades
  7603 | D:8      | Found an ancient bone altar of Kikubaaqudgha.
  7819 | D:8      | Noticed Psyche
  7830 | D:8      | Killed Psyche
  8030 | D:8      | Found a basalt altar of Yredelemnul.
  8062 | D:8      | Reached ** piety under Okawaru
  8296 | D:9      | Found Vynneir's General Store.
  8415 | D:8      | Reached skill level 13 in Long Blades
  8719 | D:8      | Reached XP level 11. HP: 62/69 MP: 11/11
  8724 | D:8      | Reached XP level 12. HP: 67/74 MP: 12/12
  8746 | D:9      | Found a sacrificial altar of Ru.
  8747 | D:9      | Noticed an oklob plant
  8829 | D:9      | Found an opulent altar of Gozag.
  9133 | D:9      | Bought a scroll of teleportation for 48 gold pieces
  9133 | D:9      | Bought a potion of curing for 48 gold pieces
  9373 | D:8      | Reached *** piety under Okawaru
  9708 | D:9      | Found a staircase to the Orcish Mines.
  9728 | D:10     | Entered Level 10 of the Dungeon
  9933 | D:10     | Reached skill level 14 in Long Blades
 10173 | D:10     | Found a staircase to the Lair.
 10293 | D:10     | Noticed Maurice
 10442 | D:10     | Reached skill level 5 in Shields
 10653 | D:10     | Killed Maurice
 10879 | D:10     | Reached **** piety under Okawaru
 11636 | D:10     | Reached ***** piety under Okawaru
 11902 | D:12     | Noticed Fannar
 12015 | D:12     | HP: 3/74 [Fannar/Ozocubu's Refrigeration (12)]
 12017 | D:12     | Killed Fannar
 12239 | D:12     | Reached XP level 13. HP: 79/79 MP: 13/13
 12309 | D:12     | Noticed a six-headed hydra
 12641 | D:12     | Reached skill level 10 in Shields
 12718 | D:12     | Received a gift from Okawaru
 12903 | D:12     | Identified the Collected Works on Enchantment
 13207 | D:12     | Reached skill level 1 in Invocations
 13438 | Orc:1    | Entered Level 1 of the Orcish Mines
 13438 | Orc:1    | Found Sadoiho's Distillery.
 13442 | Orc:1    | Bought a potion of might for 44 gold pieces
 13442 | Orc:1    | Bought a potion of curing for 33 gold pieces
 13442 | Orc:1    | Bought a potion of resistance for 110 gold pieces
 13442 | Orc:1    | Bought a potion of curing for 33 gold pieces
 13442 | Orc:1    | Bought a potion of heal wounds for 55 gold pieces
 13456 | Orc:1    | Found Miezoid's Food Shop.
 13482 | Orc:1    | Found Yddur's Jewellery Boutique.
 13494 | Orc:1    | Bought a cursed ring of loudness for 72 gold pieces
 13494 | Orc:1    | Bought a cursed -3 ring of protection for 32 gold pieces
 13874 | Orc:1    | Noticed Erica
 13889 | Orc:1    | Killed Erica
 13979 | Orc:1    | Found Obiurro's Magic Scroll Shop.
 13980 | Orc:1    | Found Ipruacol's Armour Shoppe.
 14169 | Orc:2    | Found a frozen archway.
 14179 | IceCv    | Entered an ice cave
 14492 | IceCv    | Received a gift from Okawaru
 14492 | IceCv    | Reached skill level 5 in Invocations
 14494 | IceCv    | Got a slimy hat {god gift}
 14529 | IceCv    | Reached skill level 5 in Fighting
 14643 | IceCv    | Identified the +1 hat of the Skies Above {rElec MR++ rCorr} (Okawaru gifted it to you in an ice cave)
 14915 | IceCv    | Noticed a frost giant
 14946 | IceCv    | Killed a frost giant
 15477 | Orc:1    | Bought a scroll of teleportation for 33 gold pieces
 15477 | Orc:1    | Bought a scroll of teleportation for 33 gold pieces
 15477 | Orc:1    | Bought a scroll of blinking for 82 gold pieces
 15477 | Orc:1    | Bought a scroll of identify for 22 gold pieces
 15897 | Orc:1    | Paralysed by an orc sorcerer for 5 turns
 15909 | Orc:1    | Reached XP level 14. HP: 56/93 MP: 17/17
 16059 | Orc:3    | Found a staircase to the Elven Halls.
 16137 | Orc:3    | Found a roughly hewn altar of Beogh.
 16746 | Orc:3    | Found Cnlampus's Commerce Corner.
 16754 | Orc:3    | Bought a potion of curing for 45 gold pieces
 16797 | Orc:4    | Entered Level 4 of the Orcish Mines
 16797 | Orc:4    | Found Taxies's Antique Weapon Shoppe.
 17390 | Orc:4    | Found a roughly hewn altar of Beogh.
 17608 | Orc:4    | Noticed a stone giant
 17623 | Orc:4    | Killed a stone giant
 17656 | Orc:4    | Found a roughly hewn altar of Beogh.
 18633 | Orc:3    | Received a gift from Okawaru
 19327 | Orc:4    | Found Ceurecs's Assorted Antiques.
 19441 | Orc:4    | Found Ragul's Antique Weapon Shop.
 19446 | Orc:4    | Found Batwant's Antique Weapon Shop.
 19452 | Orc:4    | Found Paonkiez's Food Shoppe.
 19479 | Orc:4    | Bought a scroll of enchant weapon for 210 gold pieces
 19598 | Lair:1   | Entered Level 1 of the Lair of Beasts
 19807 | Lair:1   | Reached ****** piety under Okawaru
 19807 | Lair:1   | Received a gift from Okawaru
 19891 | Lair:1   | Reached skill level 15 in Long Blades
 21276 | Lair:2   | Reached XP level 15. HP: 47/99 MP: 18/18
 21894 | Lair:3   | Reached skill level 16 in Long Blades
 22234 | Lair:2   | Slain by a catoblepas

Vault maps used:
D:1:      grunt_arrival_crossed_arrows
D:2:      nicolae_ru_the_path_less_chosen, minivault_27, nrook_loot_triangle,
          uniq_sigmund, uniq_robin
D:3:      first_bread
D:4:      grunt_temple_overflow_lords_of_destruction, kennysheep_generic_room_8
D:5:      minmay_opposing_rooms, serial_shops, shop, portal_sewer_entry_d,
          uniq_pikel
D:6:      cheibriados_altar_1, xom_butterflies, kennysheep_little_box,
          basic_altar
D:7:      led_sif_pool, lemuel_crystal_altar, minmay_temple_entry_glass,
          minmay_misc_feat_chi, uniq_crazy_yiuf_cottage
D:8:      lemuel_doored_altar, lemuel_zombie_altar_kikubaaqudgha,
          gammafunk_temple_overflow_statue, enter_ossuary_3, serial_shops, shop,
          uniq_psyche
D:9:      grunt_gozag_breadcrumbs, serial_shops, shop, lemuel_oklob_altar
D:10:     grunt_lair_entry_elf_guard_hut, uniq_maurice
D:12:     hangedman_stone_soup, minmay_misc_feat_x, uniq_fannar
Temple:   corrupted_temple
Lair:1:   serial_bayou_pond_e, serial_bayou_lagoon_a, lemuel_fruit_fields
Lair:2:   grunt_forest_small_clearing_treed, infiniplex_staircase_pool
Lair:3:   st_stairs_11
Orc:1:    serial_shops, shop, shop, shop, shop, nicolae_shop_trees,
          abandoned_shop, uniq_erica
Orc:2:    portal_ice_cave_entry_pillars_02
Orc:3:    basic_altar, nicolae_orc_pool_cavern, nicolae_alphabet_shops
Orc:4:    st_orc_elflike, serial_shops, shop, basic_altar, minmay_orc_temple_b
Sewer:    sewer_kobold_necro_badplayer
Ossuary:  ossuary_zaba_flooded
IceCv:    ice_cave_small_giant

Action                   |  1- 3 |  4- 6 |  7- 9 | 10-12 | 13-15 || total
-------------------------+-------+-------+-------+-------+-------++-------
Melee: Long sword        |    81 |   157 |   653 |  1131 |   369 ||  2391
       Scimitar          |       |       |       |       |  1442 ||  1442
Invok: Heroism           |       |       |       |     3 |     5 ||     8
Evoke: Wand              |       |       |       |     9 |       ||     9
  Use: Potion            |       |     1 |       |     6 |     4 ||    11
       Scroll            |       |       |    16 |    13 |     4 ||    33
 Stab: Sleeping          |       |       |       |       |     2 ||     2
  Eat: Chunk             |       |     4 |     9 |     5 |    14 ||    32
       Fruit             |       |       |     4 |     5 |     4 ||    13
       Beef jerky        |       |       |     2 |       |     1 ||     3
       Bread ration      |       |       |       |     1 |       ||     1
       Meat ration       |       |       |       |     2 |     1 ||     3
       Royal jelly       |       |       |       |     1 |     4 ||     5
       Pizza             |       |       |       |     1 |       ||     1
